 Dungeon Crawl Stone Soup version 0.25.1-2-g60ff931df9 (webtiles) character file.

Game seed: 13251620715953956660

126 Peloso the Shield-Bearer (level 4, -1/40 HPs)
             Began as a Minotaur Fighter on Aug 25, 2020.
             Slain by Grinder (2 damage)
             ... on level 3 of the Dungeon.
             The game lasted 00:04:44 (2361 turns).

Peloso the Shield-Bearer (Minotaur Fighter)         Turns: 2361, Time: 00:04:44

Health: -1/40      AC: 10    Str: 21    XL:     4   Next: 83%
Magic:  3/3        EV:  6    Int:  5    God:
Gold:   125        SH:  9    Dex: 10    Spells: 3/3 levels left

rFire    . . .     SeeInvis .   a - +0 long sword
rCold    . . .     Gourm    .   c - +0 kite shield
rNeg     . . .     Faith    .   k - +0 chain mail
rPois    .         Spirit   .   (helmet restricted)
rElec    .         Reflect  .   (no cloak)
rCorr    .         Harm     .   i - +0 pair of gloves
MR       .....                  (no boots)
Stlth    ..........             (no amulet)
HPRegen  0.13/turn              (no ring)
MPRegen  0.08/turn              (no ring)

@: berserk cooldown, slowed, very slow
A: retaliatory headbutt, horns 2
a: no special abilities


You were on level 3 of the Dungeon.
You were hungry.

You visited 1 branch of the dungeon, and saw 3 of its levels.

You collected 125 gold pieces.

Inventory:

Hand Weapons
 a - a +0 long sword (weapon)
 b - a +2 dagger of holy wrath
Armour
 c - a +0 kite shield (worn)
 i - a +0 pair of gloves (worn)
 k - a +0 chain mail (worn)
Scrolls
 j - 4 scrolls of identify
 m - 2 scrolls of teleportation
Potions
 d - 3 potions of might
 e - a potion of brilliance
 n - a potion of flight
Comestibles
 f - 10 rations


   Skills:
 + Level 4.2 Fighting
 + Level 3.7 Long Blades
 + Level 4.3 Armour
 + Level 1.8 Dodging
 + Level 4.5 Shields


You had 3 spell levels left.
You didn't know any spells.
Your spell library was empty.

Dungeon Overview and Level Annotations

Branches:
Dungeon (3/15)

Altars:
Ru

Annotations:
D:3 Grinder


Innate Abilities, Weirdness & Mutations

You reflexively headbutt those who attack you in melee.
You have a pair of horns on your head.


Message History

You can move again.
You feel better.
You closely miss Grinder.
Grinder is moderately wounded.
You block Grinder's attack. Grinder hits you.
You writhe in agony.
* * * LOW HITPOINT WARNING * * *
You closely miss Grinder.
Grinder is moderately wounded.
Grinder gestures at you. Pain shoots through your body!
* * * LOW HITPOINT WARNING * * *
Grinder hits you but does no damage.
Unknown command.
You closely miss Grinder.
Grinder is moderately wounded.
You block Grinder's attack. Grinder hits you but does no damage.
You completely miss Grinder.
Grinder is moderately wounded.
Grinder barely misses you. Grinder hits you.
You die...

*,,* *,* ****,,**##* *,*
*,,,,,,,..#***,* #####
*,******#..,,,,* #.... *,*
#.#**,,# ##.### *,* #<#
*,.###**##.#รท## *,*
#.###.....,*#.###.# *,*
#.........,,##.#.## #,*
#.@5..#**#.,*##.##
#.#######.#####*##..###.###
*,........# *,,,...........
**##.##.#.###.#*##.........
#$.........####.####.#..
####.#.######.........[#
#.#.## #)..####.#..
#..#.#####.##* #....
#.###.......#######..


You could see Grinder.

Vanquished Creatures
  Jessica (D:3)
  Robin (D:2)
  2 adders
  An ooze (D:2)
  A worm (D:2)
  3 dart slugs (D:2)
  2 leopard geckos
  2 orcs (D:3)
  4 bats
  15 goblins
  7 hobgoblins
  9 kobolds
  A quokka (D:2)
  3 frilled lizards
  3 rats
55 creatures vanquished.

Notes
Turn   | Place    | Note
-------+----------+-------------------------------------------
     0 | D:1      | Peloso the Minotaur Fighter began the quest for the Orb.
     0 | D:1      | Reached XP level 1. HP: 19/19 MP: 0/0
   401 | D:1      | Reached XP level 2. HP: 27/27 MP: 1/1
  1006 | D:2      | Noticed Robin
  1028 | D:2      | Reached XP level 3. HP: 18/33 MP: 2/2
  1055 | D:2      | Killed Robin
  1055 | D:2      | Reached skill level 1 in Dodging
  1488 | D:2      | Reached XP level 4. HP: 40/40 MP: 3/3
  1692 | D:2      | Found a sacrificial altar of Ru.
  1802 | D:3      | Noticed Jessica
  1808 | D:3      | Killed Jessica
  1916 | D:3      | Found a faded altar of an unknown god.
  2330 | D:3      | Noticed Grinder
  2332 | D:3      | Paralysed by Grinder for 6 turns
  2353 | D:3      | Paralysed by Grinder for 4 turns
  2359 | D:3      | HP: 1/40 [Grinder/nerve-wracking pain (11)]
  2361 | D:3      | Slain by Grinder

Illustrated notes

Levels and vault maps discovered:
D:1:      kennysheep_arrival_seaside, layout_loops_corners,
          chequers_serial_rivers_small_b
D:2:      layout_rooms, nicolae_overflow_crystal_walls, first_ration, uniq_robin
D:3:      layout_loops_ring, chequers_ecumenical_altar_island,
          minmay_randomly_rotated_circles, uniq_grinder, uniq_jessica

Skill      XL: |  1  2  3 |
---------------+----------+-----
Armour         | 4 |  4.3
Fighting       | 4 |  4.2
Shields        | 4 |  4.5
Dodging        | 1 |  1.8
Long Blades    | 3 |  3.7

Action                   |  1- 3 |  4- 6 || total
-------------------------+-------+-------++-------
Melee: Long sword        |    86 |    39 ||   125
       Headbutt          |     8 |     3 ||    11
  Use: Potion            |     2 |     3 ||     5
       Scroll            |       |     9 ||     9
  Eat: Chunk             |     2 |     2 ||     4
Armor: Scale mail        |     5 |       ||     5
       Chain mail        |    55 |    28 ||    83
Dodge: Dodged            |    33 |    12 ||    45
Block: Kite shield       |    63 |    38 ||   101
       Rpst.: Long sword |    12 |     2 ||    14
